 Dungeon Crawl Stone Soup version 0.28.0-45-g0d030f2227 (webtiles) character file.

Game seed: 13908941191571853567

51 Eitelfritz the Slasher (level 3, 0/30 HPs)
             Began as a Minotaur Gladiator on Apr 10, 2022.
             Succumbed to an adder's poison
             ... on level 2 of the Dungeon.
             The game lasted 00:02:55 (1241 turns).

Eitelfritz the Slasher (Minotaur Gladiator)         Turns: 1241, Time: 00:02:55

Health: 0/30       AC:  3    Str: 18    XL:     3   Next: 57%
Magic:  2/2        EV: 12    Int:  7    God:
Gold:   36         SH:  0    Dex: 11    Spells: 2/2 levels left

rFire   . . .      SeeInvis .   a - +0 long sword
rCold   . . .      Faith    .   (no shield)
rNeg    . . .      Spirit   .   b - +0 leather armour
rPois   .          Reflect  .   c - +0 hat
rElec   .          Harm     .   (no cloak)
rCorr   .          Rampage  .   (no gloves)
Will    .....                   (no boots)
Stlth   +.........              (no amulet)
HPRegen 0.10/turn               (no ring)
MPRegen 0.08/turn               (no ring)

@: brilliant, lethally poisoned (0 -> -4), flying
A: horns 2, retaliatory headbutt
a: no special abilities


You were on level 2 of the Dungeon.
You visited 1 branch of the dungeon, and saw 2 of its levels.

You collected 36 gold pieces.

Inventory:

Hand Weapons
 a - a +0 long sword (weapon)
Missiles
 d - 3 throwing nets (quivered)
 e - 6 poisoned darts
Armour
 b - a +0 leather armour (worn)
 c - a +0 hat (worn)
Wands
 k - a wand of paralysis (4)
Scrolls
 g - 2 scrolls of magic mapping {unknown}
 h - a scroll of amnesia {unknown}
Potions
 j - a potion of invisibility {unknown}
 l - a potion of heal wounds {unknown}
 m - a potion of resistance {unknown}


   Skills:
 + Level 2.6 Fighting
 + Level 4.3 Long Blades
 + Level 2.3 Throwing
 + Level 1.0 Armour
 + Level 4.1 Dodging
 * Level 0.1 Evocations


You had 2 spell levels left.
You didn't know any spells.
Your spell library was empty.

Dungeon Overview and Level Annotations

Branches:
Dungeon (2/15)

Altars:

Shops:
D:1 :


Innate Abilities, Weirdness & Mutations

You have a pair of horns on your head.
You reflexively headbutt those who attack you in melee.


Message History

You miss the adder. The adder bites you. The adder misses you.
You closely miss the adder. The adder barely misses you.
You closely miss the adder. Your headbutt misses the adder.
The adder bites you but does no damage. The adder bites you.
You are poisoned.
The adder poisons you!
You completely miss the adder.
You feel sick. The adder bites you.
You are more poisoned.
The adder poisons you! The adder closely misses you.
You barely miss the adder.
You feel sick. The adder bites you.
You closely miss the adder.
You feel very sick. The adder bites you.
You are lethally poisoned!
The adder poisons you! The adder bites you.
* * * LOW HITPOINT WARNING * * *
You barely miss the adder. Your headbutt misses the adder.
* * * LOW HITPOINT WARNING * * *
You feel very sick. The adder barely misses you.
You hit the adder.
The adder is severely wounded.
* * * LOW HITPOINT WARNING * * *
You feel sick. The adder barely misses you. The adder closely misses you.
You furiously retaliate!
You headbutt the adder. You miss the adder. Your headbutt misses the adder.
The adder is almost dead.
* * * LOW HITPOINT WARNING * * *
You feel sick. The adder closely misses you. You furiously retaliate!
You headbutt the adder.
You kill the adder!
Your Armour skill increases to level 1!
It was a potion of flight.
You feel very buoyant.
You fly up into the air.
* * * LOW HITPOINT WARNING * * *
You feel sick.
It was a potion of brilliance.
You feel clever all of a sudden.
You die...

#........# #.
#........#
#.######........#
#..........#+####
#............#
#.........###
#.........#
#.........#########
#.....@†...........
##########.########
#.# #.# #.# #.# #.#
#..


There were no monsters in sight!

Vanquished Creatures
  An adder (D:2)
  3 dart slugs (D:1)
  2 endoplasms (D:1)
  A goblin (D:1)
  4 hobgoblins (D:1)
  6 jackals
  A quokka (D:1)
  5 ball pythons
  4 bats (D:1)
  A frilled lizard (D:1)
  3 kobolds (D:1)
  3 rats
34 creatures vanquished.

Vanquished Creatures (others)
  A plant (D:1)
1 creature vanquished.

Grand Total: 35 creatures vanquished

Notes
Turn   | Place    | Note
-------+----------+-------------------------------------------
     0 | D:1      | Eitelfritz the Minotaur Gladiator began the quest for the
                  | Orb.
     0 | D:1      | Reached XP level 1. HP: 18/18 MP: 0/0
   277 | D:1      | Reached XP level 2. HP: 23/25 MP: 1/1
   689 | D:1      | Found Ziadauc's Book Shoppe.
   707 | D:1      | Reached XP level 3. HP: 29/30 MP: 2/2
  1240 | D:2      | Reached skill level 1 in Armour
  1240 | D:2      | HP: 1/30 [poisoned by an adder]
  1241 | D:2      | Succumbed to an adder's poison

Illustrated notes

Levels and vault maps discovered:
D:1:      dpeg_arrival_lava_temple_mockup, layout_loops_ring, serial_shops,
          shop, serial_bayou_pond_d
D:2:      layout_basic, basic_altar

Skill      XL: |  1  2  3 |
---------------+----------+-----
Long Blades    | 4 |  4.3
Dodging        | 4 |  4.1
Armour         | 1 |  1.0
Fighting       | |  2.6
Throwing       | |  2.3
Evocations     | |  0.1

Action                   || total
-------------------------++-------
Melee: Long sword        ||    85
       Headbutt          ||     8
  Use: Potion            ||     2
Armor: Leather armour    ||    30
Dodge: Dodged            ||    73
